 Dungeon Crawl Stone Soup version 0.29.1-1-gd02db6906a (webtiles) character file.

Game seed: 16078154124408229011

84 Kahsius the Chopper (level 4, -1/42 HPs)
             Began as a Hill Orc Monk on Sept 20, 2022.
             Slain by a phantom (5 damage)
             ... on level 3 of the Dungeon.
             The game lasted 00:03:12 (3040 turns).

Kahsius the Chopper (Hill Orc Monk)                 Turns: 3040, Time: 00:03:12

Health: -1/42      AC:  8    Str: 13    XL:     4   Next: 46%
Magic:  4/4        EV:  6    Int: 10    God:
Gold:   168        SH:  0    Dex: 15    Spells: 3/3 levels left

rFire   . . .      SeeInvis .   a - +0 hand axe
rCold   . . .      Faith    .   (no shield)
rNeg    . . .      Spirit   .   e - +0 chain mail
rPois   .          Reflect  .   h - +0 hat {Will+}
rElec   .          Harm     .   (no cloak)
rCorr   .          Rampage  .   (no gloves)
Will    +....                   (no boots)
Stlth   ..........              (no amulet)
HPRegen 0.14/turn               (no ring)
MPRegen 0.09/turn               (no ring)

@: no status effects
A: no striking features
a: no special abilities


You were on level 3 of the Dungeon.
You visited 1 branch of the dungeon, and saw 3 of its levels.

You collected 168 gold pieces.

Inventory:

Hand Weapons
 a - a +0 hand axe (weapon)
Armour
 e - a +0 chain mail (worn)
 h - a +0 hat of willpower (worn)
Wands
 t - a wand of paralysis (6)
Scrolls
 b - 2 scrolls of noise {unknown}
 f - 3 scrolls of teleportation {unknown}
 g - 2 scrolls of enchant weapon {unknown}
 i - a scroll of blinking {unknown}
 k - 4 scrolls of identify {unknown}
 o - 2 scrolls of vulnerability {unknown}
 q - 2 scrolls of immolation {unknown}
 r - a scroll of brand weapon {unknown}
Potions
 c - a potion of ambrosia
 d - a potion of resistance {unknown}
 j - 4 potions of mutation {unknown}
 l - a potion of might {unknown}
 m - a potion of berserk rage {unknown}
 n - a potion of curing {unknown}
 p - a potion of cancellation {unknown}
 s - a potion of heal wounds {unknown}


   Skills:
 + Level 5.0 Fighting
 + Level 5.6 Axes
 - Level 2.4 Dodging
 - Level 1.5 Stealth


You had 3 spell levels left.
You didn't know any spells.
Your spell library was empty.

Dungeon Overview and Level Annotations

Branches:
Dungeon (3/15)

Altars:
Gozag
Trog

Annotations:
D:1 1 transporter


Message History

You hit the phantom.
The phantom is moderately damaged.
The phantom hits you but does no damage.
You hit the phantom.
The phantom is heavily damaged.
The phantom hits you.
You closely miss the phantom.
The phantom is heavily damaged.
The phantom hits you.
The phantom blinks!
You blink.
You hit the phantom but do no damage.
The phantom is heavily damaged.
The phantom hits you but does no damage.
You barely miss the phantom.
The phantom is heavily damaged.
The phantom hits you.
You hit the phantom.
The phantom is severely damaged.
The phantom hits you.
* * * LOW HITPOINT WARNING * * *
The phantom blinks!
You blink.
You are too injured to fight recklessly!
You closely miss the phantom.
The phantom is severely damaged.
The phantom hits you.
* * * LOW HITPOINT WARNING * * *
You barely miss the phantom.
The phantom is severely damaged.
The phantom closely misses you.
You hit the phantom but do no damage.
The phantom is severely damaged.
The phantom hits you.
* * * LOW HITPOINT WARNING * * *
The phantom blinks!
You blink.
You barely miss the phantom.
The phantom is severely damaged.
The phantom barely misses you.
You hit the phantom but do no damage.
The phantom is severely damaged.
The phantom hits you.
You die...

#.## ##.####
######.# #.....
#......## ##.####
######.#####.##
##...# #.......#
##.###...##
#.####.># ##...#.##
#..# #####.# ##..#
#.# #..@# ##†## ##
#.#W# ##...###.
.###.#.## ##.....##.
........##
#.......#. ##.#...#
#..........
#........'..........
###...####......####
##..# ##....##...
##$# ##..##...8


You could see a phantom.

Vanquished Creatures
  Ijyb (D:3)
  An adder (D:3)
  A worm (D:1)
  An orc (D:3)
  4 endoplasms
  9 goblins
  3 hobgoblins
  6 jackals
  4 ball pythons (D:2)
  A bat (D:2)
  3 frilled lizards (D:1)
  4 kobolds
  6 rats
44 creatures vanquished.

Notes
Turn   | Place    | Note
-------+----------+-------------------------------------------
     0 | D:1      | Kahsius the Hill Orc Monk began the quest for the Orb.
     0 | D:1      | Reached XP level 1. HP: 19/19 MP: 1/1
   287 | D:1      | Reached XP level 2. HP: 23/27 MP: 2/2
   906 | D:1      | Found a faded altar of an unknown god.
  1597 | D:2      | Reached XP level 3. HP: 33/34 MP: 3/3
  2448 | D:3      | Reached skill level 5 in Axes
  2570 | D:3      | Found an opulent altar of Gozag.
  2649 | D:3      | Noticed Ijyb
  2667 | D:3      | Paralysed by Ijyb for 3 turns
  2684 | D:3      | Killed Ijyb
  2685 | D:3      | Reached XP level 4. HP: 18/41 MP: 4/4
  2698 | D:3      | Reached skill level 5 in Fighting
  2950 | D:3      | Found a bloodstained altar of Trog.
  3013 | D:3      | Noticed a phantom
  3040 | D:3      | Slain by a phantom

Illustrated notes

Levels and vault maps discovered:
D:1:      spicycebolla_arrival_transporter_tutorial, layout_loops_ring,
          shapermc_ecumenical_altar_pompeii, serial_bayou_pond_e,
          minmay_misc_feat_cross, nicolae_wormholes
D:2:      layout_loops_ring, minmay_circled_x
D:3:      kennysheep_the_goblin_king, layout_loops_corners,
          lemuel_blue_sif_altar, trog_antimagical, mainiacjoe_overflow_alcove_1

Skill      XL: |  1  2  3  4 |
---------------+-------------+-----
Fighting       | 4 5 |  5.0
Axes           | 5 |  5.6
Dodging        | |  2.4
Stealth        | |  1.5

Action                   |  1- 3 |  4- 6 || total
-------------------------+-------+-------++-------
Melee: Hand axe          |   114 |    51 ||   165
       Punch             |     1 |     1 ||     2
Armor: Chain mail        |    48 |    34 ||    82
Dodge: Dodged            |    22 |     5 ||    27
